 Dungeon Crawl Stone Soup version 0.29-a0-1065-g47a6bb87d6 (webtiles) character file.

Game seed: 12799592568987358501

40 nickcage the Cudgeller (level 3, 0/30 HPs)
             Began as a Minotaur Gladiator on Aug 18, 2022.
             Succumbed to Robin's poison
             ... on level 2 of the Dungeon.
             The game lasted 00:01:33 (671 turns).

nickcage the Cudgeller (Minotaur Gladiator)          Turns: 671, Time: 00:01:34

Health: 0/30       AC:  8    Str: 20    XL:     3   Next: 30%
Magic:  2/2        EV:  8    Int:  5    God:
Gold:   56         SH:  0    Dex: 11    Spells: 2/2 levels left

rFire   . . .      SeeInvis .   a - +0 flail
rCold   . . .      Faith    .   (no shield)
rNeg    + . .      Spirit   .   g - +0 chain mail
rPois   .          Reflect  .   c - +0 hat
rElec   .          Harm     .   (no cloak)
rCorr   .          Rampage  .   (no gloves)
Will    .....                   (no boots)
Stlth   ..........              (no amulet)
HPRegen 0.10/turn               j - ring of positive energy
MPRegen 0.08/turn               (no ring)

@: lethally poisoned (0 -> -5)
A: horns 2, retaliatory headbutt
a: no special abilities


You were on level 2 of the Dungeon.
You visited 1 branch of the dungeon, and saw 2 of its levels.

You collected 56 gold pieces.

Inventory:

Hand Weapons
 a - a +0 flail (weapon)
Missiles
 d - 3 throwing nets (quivered)
 e - a javelin
Armour
 b - a +0 leather armour
 c - a +0 hat (worn)
 g - a +0 chain mail (worn)
Jewellery
 j - a ring of positive energy (left hand)
 l - a ring of magical power
Scrolls
 f - a scroll of amnesia {unknown}
 h - a scroll of noise {unknown}
 i - a scroll of immolation {unknown}
Potions
 k - a potion of curing {unknown}
 m - a potion of magic {unknown}


   Skills:
 - Level 2.4 Fighting
 + Level 5.4 Maces & Flails
 - Level 2.0 Throwing
 - Level 3.2 Dodging


You had 2 spell levels left.
You didn't know any spells.
Your spell library contained the following spells:

 Spells                   Type           Power      Damage    Failure   Level
 Summon Small Mammal      Summ           0%         N/A       100%        1
 Call Canine Familiar     Summ           0%         N/A       100%        3
 Summon Guardian Golem    Hex/Summ       0%         N/A       100%        3


Dungeon Overview and Level Annotations

Branches:
Dungeon (2/15)

Altars:

Annotations:
D:2 Robin


Innate Abilities, Weirdness & Mutations

You have a pair of horns on your head.
You reflexively headbutt those who attack you in melee.


Message History

A hobgoblin comes into view.
You closely miss the goblin. The goblin barely misses you.
You furiously retaliate!
You headbutt the goblin, but do no damage.
The goblin closely misses you.
Robin of the Strong Arm comes into view.
They are wielding a +2 spear of venom.
You barely miss the goblin. The goblin barely misses you.
The goblin hits you but does no damage.
Robin roars a battlecry!
The goblins go into a battle-frenzy!
The goblin hits you with a +0 dagger.
You hear a shout!
You barely miss the goblin. The goblin hits you with a +0 dagger.
The goblin closely misses you. The goblin hits you with a +0 dagger.
The goblin hits you but does no damage.
You thump the goblin!
You kill the goblin!
The goblin hits you but does no damage. x2
The goblin hits you with a +0 dagger.
You sock the hobgoblin!
You kill the hobgoblin!
Robin hits you from afar with a +2 spear of venom.
You are poisoned.
The goblin hits you but does no damage. x2; The goblin closely misses you.
The goblin barely misses you. The goblin hits you but does no damage.
The goblin barely misses you. Robin throws the goblin at you!
The goblin attacks as you move away! The goblin hits you but does no damage.
You feel very sick.
A goblin comes into view. It is wielding a +0 club.
The goblin hits you but does no damage. The goblin hits you with a +0 dagger.
The goblin attacks as you move away! The goblin hits you but does no damage.
* * * LOW HITPOINT WARNING * * *
You feel sick.
A goblin comes into view. It is wielding a +0 dagger.
The goblin attacks as you move away! The goblin hits you with a +0 dagger.
* * * LOW HITPOINT WARNING * * *
x2 You feel sick.
The goblin closely misses you. You furiously retaliate!
You headbutt the goblin!
You kill the goblin!
You die...

......................
#...#.. ..............
#.g.#.# ####.......###
#.).#.# #.......#
#.g...# #.......#
#...gg# #####'###
#...)g# #.#
#.....######## #.#
#...#@#......# #.#
#####.#......# #.#
#........# #.#
#........###.#
#.......)'...#
#.......†###.#
#........# #.#
#........# #.#
#........# #.#


You could see Robin, a hobgoblin (strong) and 3 goblins.

Vanquished Creatures
  An adder (D:2)
  2 dart slugs (D:1)
  An endoplasm (D:1)
  2 giant cockroaches (D:1)
  4 goblins
  2 hobgoblins
  3 jackals (D:1)
  2 quokkas (D:1)
  2 ball pythons (D:2)
  2 frilled lizards
  3 kobolds (D:1)
  A rat (D:2)
25 creatures vanquished.

Notes
Turn   | Place    | Note
-------+----------+-------------------------------------------
     0 | D:1      | nickcage the Minotaur Gladiator began the quest for the
                  | Orb.
     0 | D:1      | Reached XP level 1. HP: 18/18 MP: 0/0
    20 | D:1      | Reached skill level 4 in Maces & Flails
    96 | D:1      | Reached XP level 2. HP: 25/25 MP: 1/1
   232 | D:1      | Found a faded altar of an unknown god.
   296 | D:1      | Reached skill level 5 in Maces & Flails
   545 | D:2      | Reached XP level 3. HP: 24/30 MP: 2/2
   663 | D:2      | Noticed Robin
   670 | D:2      | HP: 1/30 [poisoned by Robin]
   671 | D:2      | Succumbed to Robin's poison

Illustrated notes

Levels and vault maps discovered:
D:1:      ncdulo_wetmaze, layout_rooms,
          dreamdust_ecumenical_altar_hidden_monk_grotto, moated_statue,
          minmay_misc_feat_columns
D:2:      layout_basic, basic_altar, uniq_jessica, uniq_robin

Skill      XL: |  1  2 |
---------------+-------+-----
Maces & Flails | 4 5 |  5.4
Fighting       | |  2.4
Throwing       | |  2.0
Dodging        | |  3.2

Action                   || total
-------------------------++-------
Melee: Flail             ||    40
       Headbutt          ||     5
Armor: Chain mail        ||    23
       Leather armour    ||     1
Dodge: Dodged            ||    20

Table legend: (Time is in decaauts)
 A = Elapsed time spent in this place.
 B = Non-inter-level travel time spent in this place.
 C = Inter-level travel time spent in this place.
 D = Time resting spent in this place.
 E = Time spent auto-exploring this place.
 F = Levels seen in this place.
 G = Mean time per level.
                   A        B        C        D        E       F      G
               +--------+--------+--------+--------+--------+-----+--------+
         Total |    685 |    665 |     20 |      0 |    534 |   2 |  342.5 |
       Dungeon |    685 |    665 |     20 |      0 |    534 |   2 |  342.5 |
               +--------+--------+--------+--------+--------+-----+--------+

Top non-repeatable levels by time:
     D:1: 525 daAuts
     D:2: 159 daAuts
